Map: Beckett Industries LE

Players

ViBE - Winner!

  • Race: Zerg Zerg
  • League: Diamond

AboveThunder

  • Race: Zerg Zerg
  • League: Diamond

VOD

Have the link to the VOD?

Description

Time

  • Played on: April 20, 2021, 9:07 p.m.
  • Length: 10:38
Show
View Real Time Build Order
Export as new Build Order

ViBE Zerg - Winner!

Build Orders: Hatch First 

Get SALT Encoding   

  12  0:00  Drone  
  13  0:13  Overlord  
  13  0:17  Drone  
  14  0:31  Drone x2  
  16  0:49  Hatchery  
  15  0:53  Drone  
  16  0:58  Drone  
  16  1:00  Drone  
  18  1:13  Extractor  
  17  1:18  Spawning Pool  
  17  1:20  Drone  
  17  1:23  Drone  
  18  1:28  Drone  
  19  1:46  Overlord  
  19  1:52  Drone  
  21  2:01  Drone  
  21  2:05  Zergling x2  
  21  2:06  Queen x2  
  26  2:11  Zergling x2  
  26  2:14  Drone  
  28  2:17  Metabolic Boost  
  28  2:22  Drone  
  29  2:26  Drone  
  30  2:33  Drone  
  30  2:34  Drone  
  32  2:39  Baneling Nest  
  31  2:49  Hatchery  
  30  2:56  Drone x3  
  33  3:02  Drone  
  34  3:07  Overlord  
  34  3:20  Overlord  
  34  3:24  Baneling x2  
  34  3:26  Zergling x2  
  34  3:27  Zergling x4  
  37  3:32  Drone x5  
  42  3:43  Drone  
  42  3:44  Drone  
  44  3:51  Roach Warren  
  44  3:52  Evolution Chamber  
  43  3:55  Drone x3  
  43  3:56  Drone x4  
  43  3:58  Drone  
  50  4:06  Queen  
  51  4:12  Extractor x2  
  51  4:13  Lair  
  49  4:18  Evolution Chamber  
  49  4:21  Overlord  
  49  4:23  Drone x5  
  53  4:34  Drone x5  
  53  4:36  Overlord  
  58  4:41  Zerg Missile Weapons Level 1  
  58  4:45  Drone x5  
  62  4:55  Overlord  
  62  5:03  Overlord  
  62  5:05  Zerg Ground Armor Level 1  
  62  5:06  Drone x2  
  64  5:08  Extractor, Overlord  
  64  5:09  Extractor  
  64  5:13  Drone  
  64  5:14  Drone x5  
  67  5:15  Drone x4  
  67  5:17  Glial Reconstitution  
  72  5:23  Extractor  
  71  5:29  Drone  
  71  5:30  Drone x2  
  71  5:31  Drone  
  71  5:32  Drone  
  71  5:33  Drone  
  77  5:39  Hatchery, Roach  
  78  5:50  Roach  
  78  5:51  Roach x8  
  96  5:58  Overlord x3  
  96  6:11  Overseer  
  96  6:14  Overlord x2  
  96  6:19  Roach  
  96  6:20  Overlord, Roach x8  
  114  6:32  Roach x5  
  124  6:39  Overlord x3  
  124  6:46  Roach  
  124  6:47  Roach x6  
  138  6:49  Overlord  
  138  6:51  Zerg Missile Weapons Level 2  
  138  6:54  Baneling  
  138  6:55  Baneling x3  
  138  7:00  Overlord x2  
  138  7:04  Roach x4  
  146  7:10  Zerg Ground Armor Level 2  
  146  7:20  Roach x7  
  146  7:34  Roach x7  
  155  7:39  Ravager  
  155  7:40  Queen  
  148  7:46  Roach x6  
  148  7:47  Roach  
  131  7:56  Drone x5  
  135  8:02  Drone x2  
  137  8:10  Drone  
  137  8:11  Drone x6  
  132  8:28  Drone x2  
  132  8:31  Roach  
  132  8:32  Roach x3  
  142  8:37  Roach x2  
  146  8:43  Roach x4  
  152  8:49  Queen  
  152  8:51  Hatchery  
  152  8:52  Roach x2  
  145  8:58  Roach  
  145  8:59  Roach x3  
  153  9:03  Ravager x4  
  153  9:06  Ravager x2  
  161  9:10  Ravager x2  
  161  9:15  Ravager  
  161  9:16  Roach x6  
  174  9:18  Overlord  
  174  9:24  Overlord  
  174  9:43  Roach x7  
  188  9:49  Overlord  
  188  9:52  Roach x2  
  192  9:54  Overlord  
  192  10:02  Overlord  
  192  10:06  Drone, Infestation Pit  
Show
View Real Time Build Order
Export as new Build Order

AboveThunder Zerg 

Build Orders: Hatch First 

Get SALT Encoding   

  12  0:00  Drone  
  13  0:12  Overlord  
  13  0:17  Drone  
  14  0:31  Drone x2  
  14  0:34  Drone  
  17  0:51  Hatchery  
  17  0:54  Drone  
  17  1:11  Spawning Pool  
  17  1:12  Drone  
  17  1:14  Drone  
  17  1:17  Drone  
  19  1:26  Extractor  
  19  1:29  Drone  
  19  1:39  Drone  
  20  1:49  Drone  
  21  2:01  Overlord  
  21  2:02  Queen  
  21  2:03  Queen  
  21  2:04  Zergling x2  
  26  2:11  Zergling x2  
  26  2:14  Drone  
  28  2:22  Drone  
  29  2:29  Hatchery  
  28  2:30  Drone  
  28  2:33  Drone  
  28  2:36  Drone  
  31  2:46  Overlord  
  31  2:49  Drone  
  31  2:54  Drone  
  31  2:55  Baneling Nest  
  31  2:57  Drone  
  32  3:08  Drone x2  
  32  3:11  Overlord  
  34  3:13  Drone x2  
  34  3:16  Drone  
  34  3:17  Drone x2  
  34  3:18  Drone  
  40  3:21  Drone  
  41  3:27  Queen  
  41  3:30  Zergling x2  
  41  3:33  Overlord  
  43  3:42  Evolution Chamber  
  43  3:43  Evolution Chamber  
  43  3:47  Roach Warren  
  40  3:48  Drone  
  40  3:49  Drone x2  
  40  3:51  Baneling x2  
  40  3:53  Drone  
  44  3:55  Drone  
  44  3:56  Drone  
  44  3:58  Drone  
  44  4:01  Drone  
  44  4:02  Drone  
  49  4:09  Drone  
  49  4:10  Drone x3  
  49  4:15  Extractor x2  
  49  4:16  Lair  
  50  4:19  Drone x2  
  50  4:22  Drone x2  
  54  4:26  Drone x2  
  54  4:29  Drone x2  
  58  4:32  Drone x2  
  60  4:39  Drone x3  
  60  4:45  Drone  
  64  4:46  Overlord  
  64  4:48  Drone x2  
  64  4:51  Overlord  
  66  4:56  Overlord  
  66  4:58  Pneumatized Carapace  
  66  5:01  Zerg Missile Weapons Level 1  
  66  5:08  Extractor  
  66  5:09  Extractor  
  66  5:13  Drone x6  
  70  5:23  Hatchery  
  70  5:24  Zerg Ground Armor Level 1, Glial Reconstitution  
  70  5:27  Overseer  
  69  5:29  Extractor  
  69  5:31  Drone x2  
  69  5:32  Drone x3  
  69  5:33  Roach  
  69  5:34  Roach  
  77  5:43  Roach x4  
  85  5:51  Roach x2  
  85  5:56  Overlord  
  89  5:57  Overlord  
  89  5:58  Overlord  
  89  5:59  Overlord  
  89  6:14  Overlord  
  89  6:16  Roach x12  
  113  6:19  Overlord  
  113  6:21  Roach  
  115  6:29  Roach x3  
  127  6:33  Roach x3  
  127  6:36  Roach x4  
  127  6:39  Overlord  
  135  6:41  Overlord  
  135  6:42  Overlord  
  135  6:43  Overlord  
  135  6:45  Overlord  
  135  6:46  Overlord  
  135  6:49  Roach  
  135  6:53  Roach x2  
  141  6:55  Roach  
  141  6:59  Roach x4  
  151  7:05  Roach x3  
  151  7:06  Roach  
  159  7:11  Roach  
  159  7:12  Roach x2  
  159  7:13  Roach  
  167  7:21  Roach  
  167  7:22  Roach x4  
  177  7:28  Roach x2  
  177  7:29  Roach  
  147  7:39  Drone x4  
  147  7:40  Drone  
  146  7:48  Roach  
  126  7:52  Roach x3  
  126  7:57  Hatchery  
  105  8:01  Roach x3  
  105  8:02  Roach  
  113  8:09  Roach x3  
  117  8:14  Roach x2  
  117  8:17  Roach  
  117  8:18  Roach  
  119  8:20  Roach  
  119  8:22  Roach  
  119  8:26  Roach  
  121  8:34  Roach x3  
  129  8:48  Roach x4  
  129  8:49  Roach  
  129  8:54  Roach  
  115  9:05  Hatchery  
  114  9:15  Roach x3  
  120  9:21  Drone x4  
  124  9:28  Queen  
  126  9:41  Extractor  
  126  9:42  Extractor  
  124  9:46  Drone x4  
  124  9:47  Drone x5  
  124  9:48  Drone  
  124  9:52  Roach x3  
  140  10:02  Overlord x3  
  140  10:10  Overlord x2  
  140  10:12  Roach x5  
Tags
 
Add a new tag
Caveats
  • Supply blocks, unpowered buildings, or Contaminate may cause inaccurate times.
  • Supply counts are checked every 10 seconds.